Map: Berlingrad LE

Players

Magnus

  • Race: Terran Terran
  • League: Gold
  • Spawn Location: 5:00

PiG - Winner!

  • Race: Terran Terran
  • League: Grandmaster
  • Spawn Location: 11:00

VOD

https://www.youtube.com/watch?v=J2pIZNCtIis

Description

Time

  • Played on: July 12, 2022, 6:36 p.m.
  • Length: 8:25
Show
View Real Time Build Order
Export as new Build Order

Magnus Terran 

Build Orders:  

Get SALT Encoding   

  12  0:02  SCV  
  14  0:14  SCV  
  14  0:20  Supply Depot  
  14  0:32  SCV  
  15  0:44  Barracks  
  15  0:45  SCV  
  16  0:54  Refinery  
  16  0:57  SCV  
  17  1:10  SCV  
  18  1:39  Orbital Command  
  18  1:48  Barracks Reactor  
  18  2:09  Command Center  
  18  2:23  SCV  
  19  2:32  Marine x2  
  19  2:35  SCV, Supply Depot  
  22  2:50  Marine  
  23  2:53  Barracks  
  23  2:56  Marine  
  23  2:57  SCV  
  25  2:59  Supply Depot  
  25  3:08  Marine  
  25  3:09  SCV  
  27  3:14  Marine  
  27  3:21  SCV  
  28  3:33  SCV  
  30  3:36  Orbital Command  
  30  3:41  Barracks  
  29  3:52  SCV, Supply Depot  
  30  3:56  Barracks Tech Lab  
  30  4:05  SCV x2  
  32  4:10  Marine x2  
  32  4:14  Supply Depot  
  35  4:17  SCV  
  35  4:21  Marauder  
  37  4:27  Marine  
  37  4:28  Marine  
  39  4:31  Factory  
  39  4:34  Refinery  
  39  4:37  Supply Depot  
  39  4:42  Bunker, Marauder  
  39  4:44  Barracks Tech Lab  
  39  4:45  Marine x2  
  43  5:03  Marauder  
  43  5:04  SCV x2  
  47  5:11  Refinery  
  47  5:13  Marauder  
  49  5:16  SCV, Combat Shield  
  50  5:23  Stimpack  
  50  5:25  Marauder  
  52  5:29  Marine x2  
  52  5:34  Marauder  
  56  5:46  Marauder  
  56  5:47  Marine  
  59  5:55  SCV x2  
  59  5:56  Marauder  
  63  6:00  Supply Depot  
  63  6:04  Marine  
  64  6:05  Marine  
  64  6:07  SCV x2, Marauder  
  64  6:08  Factory Reactor  
  69  6:17  Marauder  
  71  6:19  Starport  
  71  6:21  Marine  
  71  6:22  Supply Depot  
  71  6:23  Marine  
  73  6:29  Marauder  
  75  6:39  Marine, Marauder  
  78  6:40  Marine  
  78  6:43  SCV x2  
  81  6:50  Marauder  
  83  6:55  SCV x2  
  83  6:57  Marine  
  83  6:58  Marine  
  83  7:00  Marauder  
  89  7:01  Supply Depot  
  89  7:12  Marauder  
  89  7:15  Marine  
  92  7:16  Marine  
  92  7:20  Factory Tech Lab  
  93  7:23  Medivac, Marauder  
  93  7:24  Medivac  
  99  7:33  Marine, Marauder  
  99  7:34  Supply Depot  
  99  7:35  Supply Depot  
  102  7:53  Marauder  
  102  7:58  Supply Depot  
  48  7:59  Supply Depot  
Show
View Real Time Build Order
Export as new Build Order

PiG Terran - Winner!

Build Orders:  

Get SALT Encoding   

  12  0:01  SCV  
  13  0:13  SCV  
  14  0:17  Supply Depot  
  14  0:25  SCV  
  15  0:39  SCV  
  15  0:40  Barracks  
  16  0:44  Refinery  
  16  0:51  SCV  
  17  1:03  SCV  
  18  1:15  SCV  
  19  1:28  Orbital Command, Barracks Reactor  
  19  1:42  Command Center  
  19  1:52  Supply Depot  
  19  1:54  SCV  
  20  2:05  Marine x2  
  22  2:09  SCV  
  23  2:21  SCV  
  24  2:23  Marine x2  
  26  2:30  Factory  
  26  2:31  Barracks  
  26  2:33  SCV  
  27  2:37  Refinery  
  27  2:44  Marine x2  
  27  2:45  SCV  
  31  2:59  SCV  
  31  3:01  Orbital Command  
  30  3:08  Marine x2  
  30  3:11  SCV  
  33  3:20  Factory Tech Lab  
  33  3:21  Barracks Tech Lab  
  33  3:24  SCV  
  33  3:26  Marine x2  
  36  3:28  SCV  
  37  3:36  SCV  
  37  3:40  SCV  
  39  3:42  Marine  
  39  3:44  Siege Tank, Marine  
  39  3:46  Combat Shield  
  45  3:48  SCV  
  45  3:52  SCV  
  46  4:00  Supply Depot  
  46  4:03  Marine x2  
  46  4:04  SCV x2  
  50  4:10  Marine  
  50  4:16  Siege Tank  
  54  4:21  SCV x2  
  56  4:29  Marine  
  56  4:30  Marine x2  
  59  4:32  Supply Depot  
  59  4:33  SCV  
  59  4:34  Supply Depot  
  60  4:41  Starport  
  60  4:43  Barracks  
  60  4:44  Refinery, SCV  
  61  4:45  SCV  
  62  4:53  Marine  
  62  4:54  Siege Tank  
  62  4:55  Marine  
  62  4:56  SCV, Marine  
  62  4:57  SCV  
  70  5:02  Supply Depot  
  70  5:08  SCV  
  70  5:11  Stimpack  
  71  5:16  Marine x3  
  71  5:18  Starport Reactor  
  74  5:27  Siege Tank  
  77  5:30  SCV x2  
  77  5:34  Supply Depot, Marine, Barracks Reactor  
  80  5:43  Barracks  
  80  5:44  Barracks  
  80  5:49  Marine x2  
  82  5:51  Marine  
  83  5:57  Supply Depot  
  83  5:58  Medivac  
  83  5:59  Siege Tank  
  83  6:01  Medivac  
  90  6:08  Supply Depot  
  90  6:11  Marine x3  
  90  6:12  Marine  
  94  6:19  SCV x2, Marine  
  94  6:23  Supply Depot  
  97  6:29  Marine x4  
  97  6:31  Siege Tank, Medivac  
  106  6:36  Marine  
  107  6:41  Supply Depot  
  107  6:43  Marine  
  107  6:44  Marine  
  107  6:46  Supply Depot  
  107  6:47  Marine x4  
  113  7:02  Marine, Medivac  
  113  7:03  Siege Tank  
  113  7:07  Marine x6  
  125  7:14  Supply Depot  
  125  7:15  Supply Depot  
  125  7:20  Marine  
  126  7:23  Medivac  
  126  7:25  Marine x6  
  134  7:38  Marine  
  134  7:42  Marine  
  134  7:43  Marine x5  
  141  7:55  Marine  
  138  8:00  Marine x2  
  138  8:01  Marine x4  
Tags
 
Add a new tag
Caveats
  • Supply blocks, unpowered buildings, or Contaminate may cause inaccurate times.
  • Supply counts are checked every 10 seconds.